NWL (28 & UNDER)
BISMARK BORDER GUARDS @ BISMARCK BARONS
04/01/2030
 
TOP OF THE 1ST
Bismark Border Guards batting - Pitching for Bismarck Barons : RHP Rafael Souza
Pitching: RHP Rafael Souza
Batting: RHB Alfredo Farías 0-0: Called Strike
0-1: Foul Ball, location: 2F
0-2: Hit by Pitch
Batting: RHB Warren Martin 0-0: Called Strike
0-1: Ball
1-1: Ball
2-1: SINGLE (Groundball, 6MD)
Alfredo Farías to second
Runner from 2nd tries for 3rd, SAFE, no throw
Batting: RHB Sergio Solíz 0-0: DOUBLE (Line Drive, 7LM)
Alfredo Farías scores
Warren Martin to third
Batting: LHB Alan Moore 0-0: Ground out 4-3 (Groundball, 4)
Warren Martin scores
Sergio Solíz to third
Batting: RHB Leonard Harris 0-0: Ball
1-0: Foul Ball, location: 2F
1-1: Foul Ball, location: 2F
1-2: Ball
2-2: Foul Ball, location: 2F
2-2: Ball
3-2: Fly out, F7 (Flyball, 78S)
Batting: RHB Mario Carranza 0-0: Ball
1-0: Ground out 6-3 (Groundball, 6)
Top of the 1st over - 2 runs, 2 hits, 0 errors, 1 left on base; Bismark 2 - Bismarck 0
BOTTOM OF THE 1ST
Bismarck Barons batting - Pitching for Bismark Border Guards : RHP Michael Morris
Pitching: RHP Michael Morris
Batting: RHB Gary Roberts 0-0: Foul Ball, location: 2F
0-1: Foul Ball, location: 2F
0-2: Ball
1-2: Strikes out swinging
Batting: RHB Nelson Castro 0-0: Ball
1-0: Ball
2-0: Ball
3-0: Base on Balls
Batting: RHB Jonathan Jackson 0-0: Ball
Nelson Castro steals 2nd base
1-0: Ball
2-0: Swinging Strike
2-1: Called Strike
2-2: Strikes out swinging
Batting: LHB Corey MacGregor 0-0: SINGLE (Groundball, 34D)
Nelson Castro to third
Runner from 3rd tries for Home, SAFE, no throw
Batting: RHB Walter Brown 0-0: Fly out, F8 (Line Drive, 89D)
Bottom of the 1st over - 1 run, 1 hit, 0 errors, 1 left on base; Bismark 2 - Bismarck 1
TOP OF THE 2ND
Bismark Border Guards batting - Pitching for Bismarck Barons : RHP Rafael Souza
Batting: RHB Danny Spode 0-0: Ball
1-0: Ball
2-0: Called Strike
2-1: Ball
3-1: Base on Balls
Batting: LHB Kelsey Scott 0-0: Ball
1-0: Swinging Strike
1-1: Swinging Strike
1-2: Ball
2-2: Ball
3-2: Foul Ball, location: 2F
3-2: Base on Balls
Danny Spode to second
Batting: RHB José Vidal 0-0: Swinging Strike
0-1: Ball
1-1: Called Strike
1-2: Ball
2-2: Foul Ball, location: 2F
2-2: Foul Ball, location: 2F
2-2: Strikes out looking
Batting: RHB Alfredo Farías 0-0: Ball
1-0: Called Strike
1-1: Ball
2-1: Ball
3-1: SINGLE (Flyball, 9LS)
Danny Spode to third
Kelsey Scott to second
Runner from 3rd tries for Home, throw and OUT!
Batting: RHB Warren Martin 0-0: Ball
1-0: Ball
2-0: Ball
3-0: Called Strike
3-1: SINGLE (Line Drive, 78S)
Kelsey Scott to third
Alfredo Farías to second
Runner from 3rd tries for Home, SAFE, no throw
Batting: RHB Sergio Solíz 0-0: SINGLE (Line Drive, 4MD)
Alfredo Farías to third
Warren Martin to second
Runner from 3rd tries for Home, SAFE, no throw
Batting: LHB Alan Moore 0-0: 3-RUN HOME RUN (Line Drive, 8RXD), Distance : 399 ft
Batting: RHB Leonard Harris 0-0: Ball
1-0: Ball
2-0: Foul Ball, location: 2F
2-1: Foul Ball, location: 2F
2-2: Strikes out swinging
Top of the 2nd over - 5 runs, 4 hits, 0 errors, 0 left on base; Bismark 7 - Bismarck 1
BOTTOM OF THE 2ND
Bismarck Barons batting - Pitching for Bismark Border Guards : RHP Michael Morris
Batting: LHB Johnny Foley 0-0: Called Strike
0-1: Ball
1-1: Foul Ball, location: 2F
1-2: Foul Ball, location: 2F
1-2: Ball
2-2: Fly out, F7 (Line Drive, 7LM)
Batting: RHB Jonathan Reynolds 0-0: Called Strike
0-1: Ball
1-1: Called Strike
1-2: Strikes out swinging
Batting: RHB Felipe Domínguez 0-0: Swinging Strike
0-1: Ball
1-1: Foul Ball, location: 2F
1-2: SINGLE (Line Drive, 9S)
Batting: RHB Jason Smith 0-0: Called Strike
0-1: Swinging Strike
0-2: Ball
Felipe Domínguez steals 2nd base
1-2: Strikes out swinging
Bottom of the 2nd over - 0 runs, 1 hit, 0 errors, 1 left on base; Bismark 7 - Bismarck 1
TOP OF THE 3RD
Bismark Border Guards batting - Pitching for Bismarck Barons : RHP Rafael Souza
Batting: RHB Mario Carranza 0-0: Ball
1-0: Foul Ball, location: 2F
1-1: Called Strike
1-2: Strikes out swinging
Batting: RHB Danny Spode 0-0: Ball
1-0: Foul Ball, location: 2F
1-1: Ball
2-1: Called Strike
2-2: SINGLE (Line Drive, 34)
Batting: LHB Kelsey Scott 0-0: Foul Ball, location: 2F
0-1: Ball
1-1: Grounds into double play, 4-6-3 (Groundball, 4)
Top of the 3rd over - 0 runs, 1 hit, 0 errors, 0 left on base; Bismark 7 - Bismarck 1
BOTTOM OF THE 3RD
Bismarck Barons batting - Pitching for Bismark Border Guards : RHP Michael Morris
Batting: RHB Gary Roberts 0-0: Foul Ball, location: 2F
0-1: Ball
1-1: Ball
2-1: Ball
3-1: Called Strike
3-2: Foul Ball, location: 2F
3-2: Fly out, F9 (Flyball, 9LSF)
Batting: RHB Nelson Castro 0-0: Called Strike
0-1: Ball
1-1: Foul Ball, location: 2F
1-2: Strikes out looking
Batting: RHB Jonathan Jackson 0-0: SINGLE (Flyball, 9S)
Batting: LHB Corey MacGregor 0-0: Called Strike
0-1: Ball
1-1: Ball
2-1: Ground out U3 (Groundball, 3L)
Bottom of the 3rd over - 0 runs, 1 hit, 0 errors, 1 left on base; Bismark 7 - Bismarck 1
TOP OF THE 4TH
Bismark Border Guards batting - Pitching for Bismarck Barons : RHP Rafael Souza
Batting: RHB José Vidal 0-0: Ball
1-0: Ball
2-0: Called Strike
2-1: Swinging Strike
2-2: Foul Ball, location: 2F
2-2: Strikes out swinging
Batting: RHB Alfredo Farías 0-0: Fly out, F8 (Flyball, 89D)
Batting: RHB Warren Martin 0-0: Called Strike
0-1: Ball
1-1: Ball
2-1: Fly out, F9 (Flyball, 9D)
Top of the 4th over - 0 runs, 0 hits, 0 errors, 0 left on base; Bismark 7 - Bismarck 1
BOTTOM OF THE 4TH
Bismarck Barons batting - Pitching for Bismark Border Guards : RHP Michael Morris
Batting: RHB Walter Brown 0-0: SOLO HOME RUN (Flyball, 78XD), Distance : 390 ft
Batting: LHB Johnny Foley 0-0: Ball
1-0: Ball
2-0: Ground out 6-3 (Groundball, 6)
Batting: RHB Jonathan Reynolds 0-0: Foul Ball, location: 2F
0-1: Ball
1-1: Ball
2-1: Fly out, F2 (Popup, 13S)
Batting: RHB Felipe Domínguez 0-0: Called Strike
0-1: Ball
1-1: Called Strike
1-2: Ground out 6-3 (Groundball, 6)
Bottom of the 4th over - 1 run, 1 hit, 0 errors, 0 left on base; Bismark 7 - Bismarck 2
TOP OF THE 5TH
Bismark Border Guards batting - Pitching for Bismarck Barons : RHP Rafael Souza
Batting: RHB Sergio Solíz 0-0: Ground out 5-3 (Groundball, 56S)
Batting: LHB Alan Moore 0-0: Swinging Strike
0-1: Ball
1-1: Called Strike
1-2: Fly out, F4 (Popup, 4MD)
Batting: RHB Leonard Harris 0-0: Called Strike
0-1: Ball
1-1: Called Strike
1-2: Strikes out swinging
Top of the 5th over - 0 runs, 0 hits, 0 errors, 0 left on base; Bismark 7 - Bismarck 2
BOTTOM OF THE 5TH
Bismarck Barons batting - Pitching for Bismark Border Guards : RHP Michael Morris
Batting: RHB Jason Smith 0-0: Ball
1-0: Ball
2-0: Ball
3-0: Called Strike
3-1: Hit by Pitch
Batting: RHB Gary Roberts 0-0: Grounds into double play, 5-4-3 (Groundball, 5L)
Batting: RHB Nelson Castro 0-0: Foul Ball, location: 2F
0-1: Ball
1-1: Ground out 1-3 (Groundball, 15S)
Bottom of the 5th over - 0 runs, 0 hits, 0 errors, 0 left on base; Bismark 7 - Bismarck 2
TOP OF THE 6TH
Bismark Border Guards batting - Pitching for Bismarck Barons : RHP Rafael Souza
Pitching: RHP Hugh Rankin
Batting: RHB Mario Carranza 0-0: Called Strike
0-1: Called Strike
0-2: Foul Ball, location: 2F
0-2: Ball
1-2: SOLO HOME RUN (Flyball, 7D), Distance : 370 ft
Batting: RHB Danny Spode 0-0: Fly out, F8 (Flyball, 89XD)
Batting: LHB Kelsey Scott 0-0: Ball
1-0: Foul Ball, location: 2F
1-1: SINGLE (Groundball, 4MD)
Batting: RHB José Vidal 0-0: Ball
1-0: Ball
2-0: Foul Ball, location: 2F
2-1: Foul Ball, location: 2F
2-2: Foul Ball, location: 2F
2-2: Fly out, F3 (Popup, 34S)
Batting: RHB Alfredo Farías 0-0: Called Strike
Kelsey Scott steals 2nd base
0-1: Ball
1-1: Ball
2-1: Called Strike
2-2: Fly out, F9 (Line Drive, 9)
Top of the 6th over - 1 run, 2 hits, 0 errors, 1 left on base; Bismark 8 - Bismarck 2
BOTTOM OF THE 6TH
Bismarck Barons batting - Pitching for Bismark Border Guards : RHP Michael Morris
Batting: RHB Jonathan Jackson 0-0: Called Strike
0-1: Ball
1-1: Called Strike
1-2: Strikes out swinging
Batting: LHB Corey MacGregor 0-0: SINGLE (Groundball, 6MD)
Batting: RHB Walter Brown 0-0: Ball
1-0: Ball
2-0: Called Strike
2-1: Grounds into double play, 6-4-3 (Groundball, 6)
Bottom of the 6th over - 0 runs, 1 hit, 0 errors, 0 left on base; Bismark 8 - Bismarck 2
TOP OF THE 7TH
Bismark Border Guards batting - Pitching for Bismarck Barons : RHP Hugh Rankin
Batting: RHB Warren Martin 0-0: Ball
1-0: Called Strike
1-1: Ball
2-1: Ball
3-1: Foul Ball, location: 2F
3-2: Strikes out swinging
Batting: RHB Sergio Solíz 0-0: Ball
1-0: Swinging Strike
1-1: Called Strike
1-2: Fly out, F9 (Flyball, 9S)
Batting: LHB Alan Moore 0-0: Ball
1-0: Called Strike
1-1: Ball
2-1: Ball
3-1: Base on Balls
Batting: RHB Leonard Harris 0-0: Called Strike
0-1: Ball
1-1: Ball
2-1: Ball
3-1: Fly out, F3 (Popup, 23)
Top of the 7th over - 0 runs, 0 hits, 0 errors, 1 left on base; Bismark 8 - Bismarck 2
BOTTOM OF THE 7TH
Bismarck Barons batting - Pitching for Bismark Border Guards : RHP Michael Morris
Batting: LHB Johnny Foley 0-0: Hit by Pitch
Batting: RHB Jonathan Reynolds 0-0: Called Strike
0-1: Ball
1-1: Fly out, F9 (Flyball, 9)
Batting: RHB Felipe Domínguez 0-0: Called Strike
0-1: Foul Ball, location: 2F
0-2: Ball
1-2: Strikes out looking
Batting: RHB Jason Smith 0-0: Ball
1-0: Ball
2-0: Called Strike
2-1: Fielders Choice at 2nd, 6-4 (Groundball, 6)
Bottom of the 7th over - 0 runs, 0 hits, 0 errors, 1 left on base; Bismark 8 - Bismarck 2
TOP OF THE 8TH
Bismark Border Guards batting - Pitching for Bismarck Barons : RHP Hugh Rankin
Batting: RHB Mario Carranza 0-0: Called Strike
0-1: Ball
1-1: Foul Ball, location: 2F
1-2: Ball
2-2: SOLO HOME RUN (Flyball, 7D), Distance : 374 ft
Batting: RHB Danny Spode 0-0: SINGLE (Flyball, 7LS)
Batting: LHB Kelsey Scott 0-0: Ball
1-0: Called Strike
1-1: Ground out 6-3 (Groundball, 6M)
Danny Spode to second
Batting: RHB José Vidal 0-0: Called Strike
0-1: Ball
1-1: Foul Ball, location: 2F
1-2: Ball
2-2: Foul Ball, location: 2F
2-2: Foul Ball, location: 2F
2-2: Ball
3-2: Strikes out swinging
Batting: RHB Alfredo Farías 0-0: Called Strike
0-1: Foul Ball, location: 2F
0-2: Foul Ball, location: 2F
0-2: Fly out, F8 (Line Drive, 78XD)
Top of the 8th over - 1 run, 2 hits, 0 errors, 1 left on base; Bismark 9 - Bismarck 2
BOTTOM OF THE 8TH
Bismarck Barons batting - Pitching for Bismark Border Guards : RHP Michael Morris
Now at SS: Manuel Pérez
Batting: RHB Gary Roberts 0-0: Fly out, F8 (Flyball, 78D)
Batting: RHB Nelson Castro 0-0: Ground out 6-3 (Groundball, 6)
Batting: RHB Jonathan Jackson 0-0: Called Strike
0-1: Ball
1-1: Swinging Strike
1-2: Ball
2-2: Ball
3-2: Fly out, F7 (Flyball, 7D)
Bottom of the 8th over - 0 runs, 0 hits, 0 errors, 0 left on base; Bismark 9 - Bismarck 2
TOP OF THE 9TH
Bismark Border Guards batting - Pitching for Bismarck Barons : RHP Hugh Rankin
Batting: RHB Warren Martin 0-0: Called Strike
0-1: Ball
1-1: Ball
2-1: Ball
3-1: Base on Balls
Batting: RHB Sergio Solíz 0-0: Ground out 3-1 (Groundball, 34)
Warren Martin to second
Batting: LHB Alan Moore 0-0: Ball
1-0: Fly out, F8 (Flyball, 8LM)
Batting: RHB Leonard Harris 0-0: Ball
1-0: SINGLE (Line Drive, 89S)
Warren Martin to third
Runner from 3rd tries for Home, SAFE, no throw
Batting: RHB Mario Carranza 0-0: Ball
1-0: Fielders Choice at 2nd, 5-4 (Groundball, 56)
Top of the 9th over - 1 run, 1 hit, 0 errors, 1 left on base; Bismark 10 - Bismarck 2
BOTTOM OF THE 9TH
Bismarck Barons batting - Pitching for Bismark Border Guards : RHP Michael Morris
Now in LF: Oliver Sánchez
Batting: LHB Corey MacGregor 0-0: Ground out 6-3 (Groundball, 6)
Batting: RHB Walter Brown 0-0: Ball
1-0: Ball
2-0: SINGLE (Groundball, 6MD)
Batting: LHB Johnny Foley 0-0: Called Strike
0-1: Fly out, F8 (Flyball, 8RM)
Batting: RHB Jonathan Reynolds 0-0: Called Strike
0-1: Called Strike
0-2: Ball
1-2: Fielders Choice at 2nd, 6-4 (Groundball, 56)
Bottom of the 9th over - 0 runs, 1 hit, 0 errors, 1 left on base; Bismark 10 - Bismarck 2
Saturday, April 7th, 2018 - OOTP Baseball 18.8 Build 76